 Dungeon Crawl Stone Soup version 0.31-a0-1576-ga3383bade6 (webtiles) character file.

Game seed: 9393778314549784543

261 ragingrage the Cudgeller (level 6, -7/41 HPs)
             Began as an Octopode Artificer on Jan 4, 2024.
             Was a Follower of Ru.
             Killed from afar by Dowan (17 damage)
             ... with a stone arrow
             ... on level 4 of the Dungeon.
             The game lasted 00:03:10 (2367 turns).

ragingrage the Cudgeller (Octopode Artificer)       Turns: 2367, Time: 00:03:10

Health: -7/41      AC:  5    Str: 11    XL:     6   Next: 18%
Magic:  6/6        EV: 13    Int: 14    God:    Ru [*.....]
Gold:   194        SH:  0    Dex: 14    Spells: 5/5 levels left

rFire   . . .        v - +6 shillelagh "Devastator" {shatter}
rCold   . . .        (no shield)
rNeg    . . .        (helmet restricted)
rPois   .            (no amulet)
rElec   .            j - +4 ring of protection
rCorr   .            (no ring)
SInv    .            (no ring)
Will    .....        (no ring)
Stlth   +++          (no ring)
HPRegen 0.26/turn    (no ring)
MPRegen 0.10/turn    (no ring)
                     (no ring)

%: no passive effects
@: no status effects
A: almost no armour, amphibious, 8 rings, camouflage 1, gelatinous body 1,
unskilled 1, (nimble swimmer 1), tentacles
a: Renounce Religion


You were on level 4 of the Dungeon.
You worshipped Ru.
Ru was aware of your devotion.
You visited 1 branch of the dungeon, and saw 4 of its levels.

You collected 194 gold pieces.

Inventory:

Hand Weapons
 a - a +0 dagger of freezing
 b - a +0 short sword
 e - a +0 dagger
 v - the +6 shillelagh "Devastator" (weapon) {shatter}
   (You found it on level 3 of the Dungeon)
Missiles
 m - 11 poisoned darts
 r - a throwing net
Magical Staves
 l - a staff of conjuration
Jewellery
 j - a +4 ring of protection (left tentacle)
Wands
 c - a wand of charming (14)
 d - a wand of iceblast (5)
 g - a wand of flame (15) (quivered)
Scrolls
 f - a scroll of poison {unknown}
 k - 2 scrolls of silence {unknown}
 n - 5 scrolls of identify {unknown}
 p - 2 scrolls of summoning {unknown}
 q - a scroll of enchant weapon {unknown}
 s - a scroll of vulnerability {unknown}
 u - a scroll of fog {unknown}
 w - 2 scrolls of blinking {unknown}
Potions
 h - 5 potions of curing {unknown}
 i - a potion of brilliance {unknown}
 o - 2 potions of degeneration {unknown}
 t - 3 potions of heal wounds {unknown}
 x - a potion of might {unknown}


   Skills:
 - Level 2.6 Fighting
 - Level 0.3 Short Blades
 + Level 3.7 Maces & Flails
 - Level 2.6 Dodging
 - Level 2.6 Stealth
 - Level 3.0 Evocations


You had 5 spell levels left.
You didn't know any spells.
Your spell library contained the following spells:

 Spells                   Type           Power      Damage    Failure   Level
 Cigotuvi's Dreadful Rot  Necr/Alch/Air  0%         N/A       41%         2
 Ignite Poison            Fire/Alch      0%         N/A       96%         4
 Freezing Cloud           Conj/Ice/Air   0%         6-21      100%        5


Dungeon Overview and Level Annotations

Branches:
Dungeon (4/15)
 Temple: D:4-7

Altars:
Ru

Annotations:
D:4 Dowan


Innate Abilities, Weirdness & Mutations

You cannot wear most types of armour.
You are amphibious.
You can wear up to eight rings at the same time.
Your skin changes colour to match your surroundings (Stealth+).
Your rubbery body absorbs attacks. (AC +1, EV +1)
You are somewhat unskilled. (-1 Apt)
((You are camouflaged when in or above water. (Stealth+)))
You have tentacles for arms and can constrict up to eight enemies at once.


Message History

You hear a shout!
An adder comes into view.
Dowan, Brother of Duvessa comes into view.
He is wielding a +0 dagger and wearing a +2 robe of resistance.
The adder attacks as it pursues you! The adder bites you.
You hit the adder.
The adder shudders.
You kill the adder!
A kobold comes into view. It is wielding a +0 short sword.
Dowan smirks and points a slender finger.
Dowan begins to cast a spell, but is stunned by your conviction!
There is an open door here.
There is a stone staircase leading up here.
There are no items here.
You hit Duvessa but do no damage. Your grab misses Duvessa.
Duvessa barely misses you.
You barely miss Duvessa. You grab Duvessa.
You squeeze Duvessa, but do no damage.
You constrict Duvessa, but do no damage.
Duvessa hits you with a +0 rapier.
You sock Duvessa!
Duvessa and the kobold shudder.
You kill the kobold!
You constrict Duvessa, but do no damage.
Duvessa hits you with a +0 rapier!
You hit Duvessa but do no damage.
You constrict Duvessa, but do no damage.
Duvessa hits you with a +0 rapier! Dowan misses you.
You hit Duvessa.
Duvessa and Dowan shudder.
You kill Duvessa!
Dowan's eyes darken. "You have made a grave mistake."
Dowan seems to find hidden reserves of power!
Dowan closely misses you. x2
Your Maces & Flails skill increases to level 3!
You have reached level 6!
You barely miss Dowan. You grab Dowan. You constrict Dowan.
Dowan hits you with a +0 dagger.
* * * LOW HITPOINT WARNING * * *
You barely miss Dowan. You constrict Dowan. Dowan hits you with a +0 dagger.
* * * LOW HITPOINT WARNING * * *
Dowan points at you and mumbles some strange words.
The stone arrow hits you!
You die...

#....#####......#...e..
#....#..##.).K†## .##.e
#....#..##...e.# #
#....#....e....#
#....#.........#
#....#'###..##.#
##.....).#..####
#.....)e#....
#.....@.#.....
#.......#......
#.......#..###+
.........# ..........#
..........# ..........+
.........#


You could see Dowan (fast).

Vanquished Creatures
  Duvessa (D:4)
  A scorpion (D:3)
  4 adders
  2 dart slugs
  A ribbon worm (D:3)
  An orc (D:3)
  7 ball pythons
  3 endoplasms
  4 giant cockroaches (D:1)
  11 goblins
  10 hobgoblins
  3 jackals (D:1)
  6 kobolds
  A quokka (D:1)
  3 bats
  3 frilled lizards
  2 rats
63 creatures vanquished.

Vanquished Creatures (others)
  An endoplasm (D:1)
1 creature vanquished.

Grand Total: 64 creatures vanquished

Notes
Turn   | Place    | Note
-------+----------+-------------------------------------------
     0 | D:1      | ragingrage the Octopode Artificer began the quest for the
                  | Orb.
     0 | D:1      | Reached XP level 1. HP: 13/13 MP: 1/1
   120 | D:1      | Reached XP level 2. HP: 18/18 MP: 2/2
   581 | D:1      | Reached XP level 3. HP: 24/24 MP: 3/3
   969 | D:2      | Found a sacrificial altar of Ru.
  1048 | D:2      | Became a worshipper of Ru the Awakened
  1217 | D:2      | Reached XP level 4. HP: 22/30 MP: 4/4
  1802 | D:3      | Found the +6 shillelagh "Devastator" {shatter}
  2033 | D:3      | Noticed a scorpion
  2037 | D:3      | Killed a scorpion
  2038 | D:3      | Reached XP level 5. HP: 36/36 MP: 5/5
  2065 | D:3      | Found a sacrificial altar of Ru.
  2226 | D:3      | Gained mutation: You are somewhat unskilled. (-1 Apt) [Ru
                  | sacrifice]
  2226 | D:3      | Reached * piety under Ru
  2343 | D:4      | Noticed Duvessa
  2344 | D:4      | Noticed Dowan
  2365 | D:4      | Killed Duvessa
  2366 | D:4      | Reached XP level 6. HP: 14/41 MP: 6/6
  2367 | D:4      | Killed from afar by Dowan

Illustrated notes

Levels and vault maps discovered:
D:1:      lemuel_arrival_tunnels, layout_basic
D:2:      layout_loops_corners, basic_altar
D:3:      cheibrodos_greedy_goblins, layout_loops_ring, hangedman_ru_absence,
          minmay_misc_feat_nine_boxes
D:4:      layout_gridville, mainiacjoe_overflow_concentric_impassable,
          minmay_fountain_box, uniq_menkaure, uniq_duvessa

Skill      XL: |  1  2  3  4  5 |
---------------+----------------+-----
Stealth        | 2 3 2 |  2.6
Fighting       | 2 3 2 |  2.6
Dodging        | 3 2 |  2.6
Maces & Flails | 2 3 |  3.7
Short Blades   | |  0.3
Evocations     | |  3.0

Action                     |  1- 3 |  4- 6 || total
---------------------------+-------+-------++-------
  Melee: Club              |     8 |       ||     8
         Constrict         |    18 |    10 ||    28
         Tentacles         |    11 |     5 ||    16
         Dagger            |    12 |     1 ||    13
         Short sword       |    41 |    24 ||    65
         Punch             |     2 |       ||     2
         Shillelagh        |       |    25 ||    25
 Invoke: Sacrifice Skill   |       |     1 ||     1
  Evoke: Wand              |     1 |       ||     1
   Stab: Sleeping          |     9 |     6 ||    15
 Armour: Skin              |    28 |    19 ||    47
  Dodge: Dodged            |    25 |    24 ||    49

Table legend: (Time is in decaauts)
 A = Elapsed time spent in this place.
 B = Non-inter-level travel time spent in this place.
 C = Inter-level travel time spent in this place.
 D = Time resting spent in this place.
 E = Time spent auto-exploring this place.
 F = Levels seen in this place.
 G = Mean time per level.
                   A        B        C        D        E       F      G
               +--------+--------+--------+--------+--------+-----+--------+
         Total |   2370 |   2294 |     76 |    131 |   1674 |   4 |  592.5 |
       Dungeon |   2370 |   2294 |     76 |    131 |   1674 |   4 |  592.5 |
               +--------+--------+--------+--------+--------+-----+--------+

Top non-repeatable levels by time:
     D:2: 843 daAuts
     D:3: 753 daAuts
     D:1: 726 daAuts
     D:4: 47 daAuts
